[Event "Charlotte Open 2020"]
[Site "Charlotte"]
[Date "2020.01.05"]
[Round "8.16"]
[White "Puckett, Matthew"]
[Black "Ynojosa Aponte, Felix Jose"]
[Result "0-1"]
[ECO "A60"]
[WhiteElo "2148"]
[BlackElo "2403"]
[Annotator "ChessBase"]
[PlyCount "102"]
[EventDate "2020.01.02"]
[EventType "swiss"]
[EventCountry "USA"]
[SourceTitle "playchess.com"]
[Source "ChessBase"]
[SourceQuality "1"]
[TimeControl "6000+30"]

1. d4 Nf6 2. c4 e6 3. g3 c5 4. d5 exd5 5. cxd5 b5 6. e4 Nxe4 7. Bg2 Nd6 8. Nf3 Be7 9. O-O O-O 10. Re1 Re8 11. Bf4 Bb7 12. Nc3 b4 13. Bxd6 Bxd6 14. Ne4 Bf8 15. Nfg5 h6 16. Qh5 g6 17. Qf3 f5 18. Nf6+ Qxf6 19. Rxe8 hxg5 20. Qb3 Kg7 21. Rae1 Na6 22. Rxa8 Bxa8 23. Qa4 Qd6 24. Re8 Nc7 25. Rd8 Kg8 26. Qxd7 Qxd7 27. Rxd7 Nb5 28. a4 bxa3 29. bxa3 a6 30. a4 Nd6 31. Rc7 c4 32. Kf1 Bb7 33. Ke2 f4 34. g4 Bc8 35. h3 Bg7 36. Kd2 Kf8 37. Kc2 Bd4 38. Bf1 Bxf2 39. Bxc4 Ke8 40. Be2 Bd4 41. Bf3 Kd8 42. Rc6 Kd7 43. Kd3 Ba7 44. Be4 Bb7 45. Rc1 Nxe4 46. Kxe4 Kd6 47. Rd1 a5 48. Rd2 Be3 49. Rd1 Ba6 50. Rb1 Bc4 51. Rd1 Bb3 0-1

[Event "Charlotte Open 2020"]
[Site "Charlotte"]
[Date "2020.01.05"]
[Round "8.17"]
[White "Park, Evan"]
[Black "Yu, Jennifer"]
[Result "0-1"]
[ECO "C84"]
[WhiteElo "2175"]
[BlackElo "2321"]
[Annotator "ChessBase"]
[PlyCount "88"]
[EventDate "2020.01.02"]
[EventType "swiss"]
[EventCountry "USA"]
[SourceTitle "playchess.com"]
[Source "ChessBase"]
[SourceQuality "1"]
[TimeControl "6000+30"]

1. e4 e5 2. Nf3 Nc6 3. Bb5 a6 4. Ba4 Nf6 5. O-O b5 6. Bb3 Bb7 7. d3 Be7 8. Nc3 O-O 9. a4 b4 10. Nd5 Na5 11. Nxe7+ Qxe7 12. Ba2 d5 13. exd5 Nxd5 14. Re1 f6 15. Bd2 c5 16. c3 Kh8 17. d4 cxd4 18. Nxd4 bxc3 19. bxc3 Rfc8 20. Qh5 Nc4 21. Nf5 Qd7 22. Bxc4 Rxc4 23. Red1 Rac8 24. Qh3 Rxa4 25. Rab1 Ba8 26. Nd6 Qxh3 27. gxh3 Rf8 28. c4 Nc7 29. Rb6 Kg8 30. Rdb1 Bf3 31. Be3 h6 32. c5 Nd5 33. R6b3 Nxe3 34. fxe3 a5 35. Rc1 Ra2 36. e4 Rg2+ 37. Kf1 Rxh2 38. Rbc3 Rb8 39. R3c2 Rb1 40. Rxb1 Rxc2 41. Rb8+ Kh7 42. Rc8 a4 43. c6 a3 44. c7 a2 0-1

[Event "Charlotte Open 2020"]
[Site "Charlotte"]
[Date "2020.01.05"]
[Round "8.18"]
[White "Copeland, Samuel"]
[Black "Daggupati, Balaji"]
[Result "1/2-1/2"]
[ECO "C54"]
[WhiteElo "2128"]
[BlackElo "2311"]
[Annotator "ChessBase"]
[PlyCount "37"]
[EventDate "2020.01.02"]
[EventType "swiss"]
[EventCountry "USA"]
[SourceTitle "playchess.com"]
[Source "ChessBase"]
[SourceQuality "1"]
[TimeControl "6000+30"]

1. e4 e5 2. Nf3 Nc6 3. Bc4 Bc5 4. c3 Nf6 5. d4 exd4 6. cxd4 Bb4+ 7. Bd2 Bxd2+ 8. Nbxd2 d5 9. exd5 Nxd5 10. Qe2+ Be6 11. Bb5 Ndb4 12. O-O O-O 13. Bc4 Bd5 14. Rfc1 Re8 15. Qd1 Qf6 16. Qb3 Bxc4 17. Nxc4 a5 18. Ne3 Rab8 19. a3 1/2-1/2

[Event "Charlotte Open 2020"]
[Site "Charlotte"]
[Date "2020.01.05"]
[Round "8.19"]
[White "Martinez, Isaac"]
[Black "Polgar-Shutzman, Tom"]
[Result "0-1"]
[ECO "A48"]
[WhiteElo "2079"]
[BlackElo "2233"]
[Annotator "ChessBase"]
[PlyCount "98"]
[EventDate "2020.01.02"]
[EventType "swiss"]
[EventCountry "USA"]
[SourceTitle "playchess.com"]
[Source "ChessBase"]
[SourceQuality "1"]
[TimeControl "6000+30"]

1. Nf3 Nf6 2. e3 g6 3. b3 Bg7 4. Bb2 O-O 5. d4 d6 6. Bd3 Nbd7 7. c4 e5 8. Nc3 Re8 9. Bc2 exd4 10. Nxd4 Ne5 11. O-O d5 12. c5 Bf8 13. b4 Nc4 14. Rb1 c6 15. Bd3 Nxb2 16. Rxb2 Qc7 17. h3 Bd7 18. Qc2 a5 19. a3 axb4 20. axb4 Bh6 21. Re1 b5 22. cxb6 Qxb6 23. Bf1 Qxd4 24. exd4 Rxe1 25. g4 Nxg4 26. hxg4 Bxg4 27. Kg2 Ra3 28. f4 Bxf4 29. Qf2 Bh3+ 30. Kxh3 Rxc3+ 31. Kg2 Rg3+ 32. Kh1 Rh3+ 33. Kg2 Rh2+ 34. Kf3 Rxf2+ 35. Kxf2 Rd1 36. b5 cxb5 37. Rxb5 Rxd4 38. Bg2 Rd2+ 39. Kf1 d4 40. Bd5 Be3 41. Rb8+ Kg7 42. Re8 Rf2+ 43. Ke1 h5 44. Re4 g5 45. Bc6 Rf6 46. Bd7 Rd6 47. Bc8 Bf4 48. Kd1 d3 49. Ra4 Rc6 0-1

[Event "Charlotte Open 2020"]
[Site "Charlotte"]
[Date "2020.01.05"]
[Round "8.20"]
[White "Beradze, Irakli"]
[Black "Venkat, Raghav"]
[Result "1-0"]
[ECO "B53"]
[WhiteElo "2487"]
[BlackElo "2141"]
[Annotator "ChessBase"]
[PlyCount "77"]
[EventDate "2020.01.02"]
[EventType "swiss"]
[EventCountry "USA"]
[SourceTitle "playchess.com"]
[Source "ChessBase"]
[SourceQuality "1"]
[TimeControl "6000+30"]

1. e4 c5 2. Nf3 d6 3. d4 cxd4 4. Qxd4 Nc6 5. Bb5 Bd7 6. Bxc6 Bxc6 7. Nc3 e5 8. Qd3 Be7 9. O-O Nf6 10. Bg5 O-O 11. Rad1 Ne8 12. Bxe7 Qxe7 13. Nd2 Rd8 14. Nc4 Qg5 15. Rfe1 Kh8 16. a4 Rd7 17. Qe3 Qg6 18. Qxa7 f5 19. Qe3 Rdf7 20. Qg3 Qe6 21. Nd2 Nf6 22. Qh3 Ng4 23. exf5 Qxf5 24. f3 Nh6 25. Qxf5 Nxf5 26. Nc4 Rf6 27. Ne4 Rg6 28. Ng3 Nxg3 29. hxg3 Bxf3 30. gxf3 Rxg3+ 31. Kh2 Rfxf3 32. Re2 h6 33. Nxd6 Rg5 34. Rd3 Rf4 35. b3 Kh7 36. Nxb7 e4 37. Rg3 Re5 38. Nd6 g5 39. Rge3 1-0

[Event "Charlotte Open 2020"]
[Site "Charlotte"]
[Date "2020.01.06"]
[Round "9.18"]
[White "Zeng, Sheena"]
[Black "Martinez, Isaac"]
[Result "0-1"]
[ECO "E11"]
[WhiteElo "1987"]
[BlackElo "2079"]
[Annotator "NA RC"]
[PlyCount "142"]
[EventDate "2020.01.02"]
[EventType "swiss"]
[EventCountry "USA"]
[SourceTitle "playchess.com"]
[Source "ChessBase"]
[SourceQuality "1"]
[TimeControl "6000+30"]

1. d4 Nf6 2. c4 e6 3. Nf3 Bb4+ 4. Bd2 Qe7 5. g3 Nc6 6. Nc3 Bxc3 7. Bxc3 Ne4 8. Rc1 O-O 9. Bg2 d6 10. O-O Nxc3 11. Rxc3 e5 12. d5 Nb8 13. Qc1 {[%emt 0:00:30] E11: Bogo-Indian} (13. c5 a5 14. Nd2 Na6 15. cxd6 cxd6 16. Nc4 Qd8 17. a3 b5 18. Nd2 Bd7 19. Rc1 b4 20. axb4 axb4 {0-1 (65) Berkes,F (2687)-Amin,B (2657) Reykjavik 2014}) 13... c5 14. dxc6 $146 ({Predecessor:} 14. Nh4 Nd7 15. Nf5 Qf6 16. e4 Nb6 17. g4 Bxf5 18. exf5 h6 19. Be4 Rab8 20. Rg3 Qg5 {0-1 (34) Cengija,V (2287)-Arjun,V (2205) Novi Sad 2006}) 14... bxc6 15. e3 ({White should try} 15. Rd1 $16) 15... a5 16. Nd2 Bb7 17. Rd1 f5 18. e4 c5 19. exf5 $1 Bxg2 20. Kxg2 Nc6 21. f6 Rxf6 22. Ne4 Rh6 23. Qg5 Qe6 24. h4 Nd4 25. Re1 Qf7 26. Qd2 Rf8 27. Ng5 Qb7+ 28. Ne4 Rg6 29. f3 Qe7 30. Rh1 Qf7 31. Qd1 Qb7 32. Qb1 Re6 (32... a4 $15) 33. Ng5 Rh6 34. b3 a4 35. bxa4 Rb8 36. Qxb7 Rxb7 37. Rf1 Rf6 38. a5 Rf8 {[%emt 0:00:30] [#]} 39. Ne4 $1 Rd8 40. Rf2 Kf8 41. Ra3 Ke7 {[%emt 0:00:30] [#]} 42. Nc3 (42. f4 $142 $1) 42... Ra8 43. f4 Rba7 44. Nd5+ Ke6 {[%emt 0:00:30] [#]} 45. a6 $1 Nc6 46. Rb2 Nb4 47. fxe5 Nxd5 48. cxd5+ Kxe5 49. Rb6 c4 50. Ra5 Rc7 (50... c3 $11 51. Rc6 h5) 51. Rb2 ({Better is} 51. Rc6 $14 Rxc6 52. dxc6+ d5 53. Kf3) 51... Rc5 52. Rxc5 (52. Ra3 $11) 52... dxc5 53. Rd2 (53. d6 $17 c3 54. Rc2) 53... c3 54. Rd3 $17 Rxa6 55. d6 Rxa2+ 56. Kf3 c2 57. d7 c1=Q 58. Rd5+ Kxd5 59. d8=Q+ Kc4 60. Qg8+ Kb4 61. Qxa2 Qa3+ 62. Qxa3+ Kxa3 63. Ke2 Kb3 64. Kd2 c4 65. Kc1 Kc3 66. g4 h6 67. h5 Kd3 68. Kd1 c3 69. Kc1 c2 70. g5 hxg5 71. h6 gxh6 0-1

[Event "Charlotte Open 2020"]
[Site "Charlotte"]
[Date "2020.01.06"]
[Round "9.19"]
[White "Comsa, Ciprian-Mihai"]
[Black "Vanapalli, Vishnu"]
[Result "1/2-1/2"]
[ECO "C01"]
[WhiteElo "1862"]
[BlackElo "1777"]
[Annotator "NA"]
[PlyCount "103"]
[EventDate "2020.01.02"]
[EventType "swiss"]
[EventCountry "USA"]
[SourceTitle "playchess.com"]
[Source "ChessBase"]
[SourceQuality "1"]
[TimeControl "6000+30"]

1. e4 e6 2. d4 d5 3. exd5 exd5 4. Nf3 Nc6 5. Bd3 Bd6 6. O-O Nge7 7. c3 Bg4 8. Nbd2 Qd7 9. a4 O-O 10. Re1 f6 11. Qc2 Bf5 12. Nf1 Nd8 13. Ng3 Bxd3 14. Qxd3 c6 15. Bd2 Nf7 16. Re2 Rae8 17. Rae1 Ng6 18. Qf5 Qxf5 19. Nxf5 Rxe2 20. Rxe2 Bc7 21. b3 Nd6 22. Nxd6 Bxd6 23. c4 Kf7 24. Ne1 Rd8 25. c5 Bc7 26. b4 Nf4 27. Bxf4 Bxf4 28. Nd3 Bc7 29. b5 Re8 30. Rxe8 Kxe8 31. bxc6 bxc6 32. f4 Kd7 33. Kf2 Ba5 34. Ke3 Ke6 35. g4 Bc7 36. h3 Ke7 37. Nc1 Bb8 38. Ne2 Kf7 39. h4 Bc7 40. Kf3 Bb8 41. Ng3 g6 42. Nf1 Bc7 43. Ne3 a5 44. f5 g5 45. hxg5 fxg5 46. Ng2 Bd8 47. Ne1 Kf6 48. Nd3 Bc7 49. Nb2 h5 50. Nd3 h4 51. Nf2 Bb8 52. Nh3 {[%emt 0:00:30] Ke5 Ke4+} 1/2-1/2